TOP OF THE 1ST |
Minnesota (NYP) Twins batting - Pitching for Staten Island Yankees : RHP Nate LaCava
|
Pitching: RHP Nate LaCava
|
|
Batting: LHB Chris Munguia
|
0-0: Called Strike 0-1: Ball 1-1: Foul Ball, location: 2F 1-2: Ball 2-2: Ball 3-2: Strikes out swinging
|
Batting: RHB David Nardone
|
0-0: Fly out, F7 (Flyball, 78D, EV 100.0 MPH)
|
Batting: RHB Miguel Diaz
|
0-0: Called Strike 0-1: Called Strike 0-2: Ball 1-2: Foul Ball, location: 2F 1-2: SINGLE (Groundball, 4MD, EV 97.5 MPH)
|
Batting: RHB Jose Nunez
|
0-0: Ball 1-0: DOUBLE (Groundball, 5L, EV 103.8 MPH) Miguel Diaz to third
|
Batting: RHB Michael McDonald
|
0-0: Called Strike 0-1: Ball 1-1: Swinging Strike 1-2: Ball 2-2: Foul Ball, location: 2F 2-2: Foul Ball, location: 2F 2-2: Fly out, F9 (Flyball, 89D, EV 93.1 MPH)
|
Top of the 1st over - 0 runs, 2 hits, 0 errors, 2 left on base; Minnesota (NYP) 0 - Staten Island 0 |
BOTTOM OF THE 1ST |
Staten Island Yankees batting - Pitching for Minnesota (NYP) Twins : LHP Josh Armstrong
|
Pitching: LHP Josh Armstrong
|
|
Batting: RHB Luwen Storm
|
0-0: Ball 1-0: Ball 2-0: Foul Ball, location: 2F 2-1: Ball 3-1: SINGLE (Flyball, 78S, EV 87.5 MPH)
|
Batting: RHB Steve Martin
|
0-0: Fly out, F8 (Line Drive, 8RD, EV 88.8 MPH)
|
Batting: RHB Andres Valles
|
0-0: Called Strike 0-1: Ball 1-1: Ball 2-1: Ball Luwen Storm steals 2nd base 3-1: Fly out, F9 (Flyball, 9S, EV 91.9 MPH)
|
Batting: RHB Chris Diaz
|
0-0: Called Strike 0-1: Ball 1-1: SINGLE (Groundball, 6M, EV 78.8 MPH) (infield hit) Luwen Storm to third
|
Batting: LHB Tatsuo Yasui
|
0-0: Ball 1-0: Fly out, F1 (Line Drive, P, EV 65.0 MPH)
|
Bottom of the 1st over - 0 runs, 2 hits, 0 errors, 2 left on base; Minnesota (NYP) 0 - Staten Island 0 |
TOP OF THE 2ND |
Minnesota (NYP) Twins batting - Pitching for Staten Island Yankees : RHP Nate LaCava
|
Batting: RHB Sean Gould
|
0-0: Called Strike 0-1: Swinging Strike 0-2: Ball 1-2: Strikes out looking
|
Batting: RHB Graham Calvert
|
0-0: Ball 1-0: Called Strike 1-1: Ball 2-1: Ball 3-1: Swinging Strike 3-2: Foul Ball, location: 2F 3-2: Ground out 1-3 (Groundball, P, EV 71.9 MPH)
|
Batting: RHB Tony Crespo
|
0-0: Ball 1-0: Single, Error in OF, E9, batter to second base (Groundball, 4, EV 95.6 MPH)
|
Batting: SHB Donell Burney
|
0-0: Ball 1-0: Ball 2-0: Called Strike 2-1: Ball 3-1: Swinging Strike 3-2: Ground out U3 (Groundball, 34S, EV 81.3 MPH)
|
Top of the 2nd over - 0 runs, 1 hit, 1 error, 1 left on base; Minnesota (NYP) 0 - Staten Island 0 |
BOTTOM OF THE 2ND |
Staten Island Yankees batting - Pitching for Minnesota (NYP) Twins : LHP Josh Armstrong
|
Batting: LHB Mario Hurtado
|
0-0: Foul Ball, location: 2F 0-1: Ball 1-1: Ground out 6-3 (Groundball, 56, EV 83.8 MPH)
|
Batting: SHB Victor Martinez
|
0-0: Swinging Strike 0-1: Ball 1-1: Ball 2-1: Ball 3-1: Base on Balls
|
Batting: LHB Alex Genao
|
0-0: Grounds into double play, 4-6-3 (Groundball, 4, EV 83.8 MPH)
|
Bottom of the 2nd over - 0 runs, 0 hits, 0 errors, 0 left on base; Minnesota (NYP) 0 - Staten Island 0 |
TOP OF THE 3RD |
Minnesota (NYP) Twins batting - Pitching for Staten Island Yankees : RHP Nate LaCava
|
Batting: LHB Chris Munguia
|
0-0: Ball 1-0: Called Strike 1-1: Swinging Strike 1-2: Foul Ball, location: 2F 1-2: Ball 2-2: Strikes out swinging
|
Batting: RHB David Nardone
|
0-0: Ground out 4-3 (Groundball, 34D, EV 95.6 MPH)
|
Batting: RHB Miguel Diaz
|
0-0: Called Strike 0-1: Ball 1-1: Ground out 6-3 (Groundball, 6, EV 79.4 MPH)
|
Top of the 3rd over - 0 runs, 0 hits, 0 errors, 0 left on base; Minnesota (NYP) 0 - Staten Island 0 |
BOTTOM OF THE 3RD |
Staten Island Yankees batting - Pitching for Minnesota (NYP) Twins : LHP Josh Armstrong
|
Batting: RHB Nick Massengale
|
0-0: Called Strike 0-1: Called Strike 0-2: Ball 1-2: Fly out, F3 (Popup, 3, EV 79.4 MPH)
|
Batting: RHB Luwen Storm
|
0-0: Called Strike 0-1: Swinging Strike 0-2: Ball 1-2: Ball 2-2: SINGLE (Groundball, 6MD, EV 101.3 MPH)
|
Batting: RHB Steve Martin
|
0-0: Ball Luwen Storm steals 2nd base 1-0: Ball Luwen Storm steals 3rd base (no throw) 2-0: SINGLE (Line Drive, 34, EV 105.6 MPH) Luwen Storm scores
|
Batting: RHB Andres Valles
|
0-0: Called Strike 0-1: Ball 1-1: Ball Steve Martin steals 2nd base 2-1: Ball 3-1: Foul Ball, location: 2F 3-2: 2-RUN HOME RUN (Flyball, 89XD, EV 103.1 MPH), Distance : 421 ft
|
Batting: RHB Chris Diaz
|
0-0: Foul Ball, location: 2F 0-1: Swinging Strike 0-2: Strikes out swinging
|
Batting: LHB Tatsuo Yasui
|
0-0: Ball 1-0: Ball 2-0: Foul Ball, location: 2F 2-1: Ball 3-1: Base on Balls
|
Batting: LHB Mario Hurtado
|
0-0: Ball Tatsuo Yasui steals 2nd, throwing error, E2 Tatsuo Yasui to third 1-0: Ball 2-0: Called Strike 2-1: Foul Ball, location: 2F 2-2: Foul Ball, location: 2F 2-2: Foul Ball, location: 2F 2-2: Foul Ball, location: 2F 2-2: Ball 3-2: Base on Balls
|
Batting: SHB Victor Martinez
|
0-0: Ball 1-0: DOUBLE (Line Drive, 89D, EV 104.4 MPH) Tatsuo Yasui scores Mario Hurtado to third Runner from 3rd tries for Home, SAFE, throw by RF to trailing runner, SAFE at third!
|
Pitching: RHP Kevin Colgin
|
|
Batting: LHB Alex Genao
|
0-0: Foul Ball, location: 2F 0-1: Ball 1-1: SINGLE (Groundball, 4, EV 99.4 MPH) Victor Martinez scores
|
Batting: RHB Nick Massengale
|
0-0: Foul Ball, location: 2F 0-1: Called Strike 0-2: Ground out 6-3 (Groundball, 6D, EV 106.3 MPH)
|
Bottom of the 3rd over - 6 runs, 5 hits, 1 error, 1 left on base; Minnesota (NYP) 0 - Staten Island 6 |
TOP OF THE 4TH |
Minnesota (NYP) Twins batting - Pitching for Staten Island Yankees : RHP Nate LaCava
|
Batting: RHB Jose Nunez
|
0-0: Called Strike 0-1: Ball 1-1: Fly out, F4 (Popup, 34D, EV 48.1 MPH)
|
Batting: RHB Michael McDonald
|
0-0: SINGLE (Groundball, 56D, EV 94.4 MPH)
|
Batting: RHB Sean Gould
|
0-0: Ball 1-0: Called Strike 1-1: Called Strike 1-2: Ball 2-2: Ball 3-2: Strikes out looking
|
Batting: RHB Graham Calvert
|
0-0: Reached on error, E4 (Groundball, 4, EV 83.8 MPH) Michael McDonald to third
|
Batting: RHB Tony Crespo
|
0-0: Ball 1-0: Called Strike 1-1: DOUBLE (Line Drive, 8RXD, EV 105.6 MPH) Michael McDonald scores Graham Calvert scores
|
Batting: SHB Donell Burney
|
0-0: Ball 1-0: Foul Ball, location: 2F 1-1: Called Strike 1-2: Ball 2-2: Strikes out looking
|
Top of the 4th over - 2 runs, 2 hits, 1 error, 1 left on base; Minnesota (NYP) 2 - Staten Island 6 |
BOTTOM OF THE 4TH |
Staten Island Yankees batting - Pitching for Minnesota (NYP) Twins : RHP Kevin Colgin
|
Batting: RHB Luwen Storm
|
0-0: SOLO HOME RUN (Line Drive, 7D, EV 98.8 MPH), Distance : 376 ft
|
Batting: RHB Steve Martin
|
0-0: Swinging Strike 0-1: Ball 1-1: Fly out, F4 (Popup, 3DF, EV 56.9 MPH)
|
Batting: RHB Andres Valles
|
0-0: Ball 1-0: Called Strike 1-1: Foul Ball, location: 2F 1-2: Strikes out swinging
|
Batting: RHB Chris Diaz
|
0-0: Ball 1-0: Ground out 4-3 (Groundball, 4, EV 76.3 MPH)
|
Bottom of the 4th over - 1 run, 1 hit, 0 errors, 0 left on base; Minnesota (NYP) 2 - Staten Island 7 |
TOP OF THE 5TH |
Minnesota (NYP) Twins batting - Pitching for Staten Island Yankees : RHP Nate LaCava
|
Batting: LHB Chris Munguia
|
0-0: Called Strike 0-1: Fly out, F9 (Flyball, 9, EV 95.0 MPH)
|
Batting: RHB David Nardone
|
0-0: Fly out, F6 (Popup, 4MD, EV 72.5 MPH)
|
Batting: RHB Miguel Diaz
|
0-0: Called Strike 0-1: SINGLE (Line Drive, 7S, EV 100.6 MPH)
|
Batting: RHB Jose Nunez
|
0-0: Swinging Strike 0-1: Ball 1-1: Ball Passed Ball! Miguel Diaz to second 2-1: Ball 3-1: Called Strike 3-2: Ground out 5-3 (Groundball, 5S, EV 64.4 MPH)
|
Top of the 5th over - 0 runs, 1 hit, 0 errors, 1 left on base; Minnesota (NYP) 2 - Staten Island 7 |
BOTTOM OF THE 5TH |
Staten Island Yankees batting - Pitching for Minnesota (NYP) Twins : RHP Kevin Colgin
|
Batting: LHB Tatsuo Yasui
|
0-0: Called Strike 0-1: Called Strike 0-2: Ball 1-2: Ground out 4-3 (Groundball, 4S, EV 83.1 MPH)
|
Pitching: RHP Matt Lundy
|
|
Batting: LHB Mario Hurtado
|
0-0: Called Strike 0-1: Ball 1-1: DOUBLE (Line Drive, 9LS, EV 99.4 MPH)
|
Pinch Runner at 2nd Roald Jacobs:
|
|
Batting: SHB Victor Martinez
|
0-0: Ball Wild Pitch! Roald Jacobs to third 1-0: SINGLE (Groundball, 25, EV 69.4 MPH) (infield hit)
|
Batting: LHB Alex Genao
|
0-0: Called Strike 0-1: TRIPLE (Flyball, 89XD, EV 103.1 MPH) Roald Jacobs scores Victor Martinez scores
|
Batting: RHB Nick Massengale
|
0-0: Ball 1-0: Called Strike 1-1: Ball 2-1: Called Strike 2-2: Foul Ball, location: 2F 2-2: Ground out 6-3 (Groundball, 6, EV 78.1 MPH) Alex Genao scores
|
Batting: RHB Luwen Storm
|
0-0: Ball 1-0: Swinging Strike 1-1: Ball 2-1: Foul Ball, location: 2F 2-2: Foul Ball, location: 2F 2-2: Foul Ball, location: 2F 2-2: Ground out 6-3 (Groundball, 56D, EV 108.8 MPH)
|
Bottom of the 5th over - 3 runs, 3 hits, 0 errors, 0 left on base; Minnesota (NYP) 2 - Staten Island 10 |
TOP OF THE 6TH |
Minnesota (NYP) Twins batting - Pitching for Staten Island Yankees : RHP Nate LaCava
|
Now in CF: Roald Jacobs
|
|
Batting: RHB Michael McDonald
|
0-0: Called Strike 0-1: Swinging Strike 0-2: Ball 1-2: Strikes out looking
|
Batting: RHB Sean Gould
|
0-0: Ball 1-0: Ball 2-0: Foul Ball, location: 2F 2-1: SINGLE (Line Drive, 8LM, EV 84.4 MPH)
|
Batting: RHB Graham Calvert
|
0-0: Ball Wild Pitch! Sean Gould to second 1-0: Foul Ball, location: 2F 1-1: Ball 2-1: Foul Ball, location: 2F 2-2: Fly out, F6 (Popup, 6, EV 78.8 MPH)
|
Batting: RHB Tony Crespo
|
0-0: Ball 1-0: Foul Ball, location: 2F 1-1: Ball 2-1: Foul Ball, location: 2F 2-2: Strikes out looking
|
Top of the 6th over - 0 runs, 1 hit, 0 errors, 1 left on base; Minnesota (NYP) 2 - Staten Island 10 |
BOTTOM OF THE 6TH |
Staten Island Yankees batting - Pitching for Minnesota (NYP) Twins : RHP Matt Lundy
|
Batting: RHB Steve Martin
|
0-0: Called Strike 0-1: Ball 1-1: Called Strike 1-2: Ball 2-2: Ball 3-2: Base on Balls
|
Batting: RHB Andres Valles
|
0-0: SINGLE (Line Drive, 34D, EV 106.3 MPH) Steve Martin to second
|
Batting: RHB Chris Diaz
|
0-0: Foul Ball, location: 2F 0-1: Ball 1-1: SINGLE (Line Drive, 4MD, EV 95.0 MPH) Steve Martin to third Andres Valles to second
|
Batting: LHB Tatsuo Yasui
|
0-0: Called Strike 0-1: Foul Ball, location: 2F 0-2: Ball 1-2: Foul Ball, location: 2F 1-2: Ball 2-2: Foul Ball, location: 2F 2-2: SINGLE (Groundball, 5S, EV 66.9 MPH) (infield hit) Steve Martin scores Andres Valles to third Chris Diaz to second
|
Batting: LHB Roald Jacobs
|
0-0: Swinging Strike 0-1: Ball 1-1: DOUBLE (Flyball, 8RXD, EV 103.8 MPH) Andres Valles scores Chris Diaz scores Tatsuo Yasui to third
|
Pitching: RHP Chris Starcher
|
|
Batting: SHB Victor Martinez
|
0-0: Ball 1-0: Ball 2-0: Ball 3-0: Base on Balls
|
Batting: LHB Alex Genao
|
0-0: Swinging Strike 0-1: Ball 1-1: Ball 2-1: Ball 3-1: Foul Ball, location: 2F 3-2: Base on Balls Tatsuo Yasui scores Roald Jacobs to third Victor Martinez to second
|
Batting: RHB Nick Massengale
|
0-0: Called Strike 0-1: Hit by Pitch Roald Jacobs scores Victor Martinez to third Alex Genao to second
|
Batting: RHB Luwen Storm
|
0-0: Foul Ball, location: 2F 0-1: Foul Ball, location: 2F 0-2: Ball 1-2: Foul Ball, location: 2F 1-2: Ball 2-2: Grounds into double play, 6-4-3 (Groundball, 56, EV 85.6 MPH) Victor Martinez scores Alex Genao to third
|
Batting: RHB Steve Martin
|
0-0: Called Strike 0-1: Swinging Strike 0-2: Ball 1-2: Ball 2-2: 2-RUN HOME RUN (Flyball, 7D, EV 103.8 MPH), Distance : 389 ft
|
Batting: RHB Andres Valles
|
0-0: Swinging Strike 0-1: Foul Ball, location: 2F 0-2: Ball 1-2: Foul Ball, location: 2F 1-2: Strikes out swinging
|
Bottom of the 6th over - 8 runs, 5 hits, 0 errors, 0 left on base; Minnesota (NYP) 2 - Staten Island 18 |
TOP OF THE 7TH |
Minnesota (NYP) Twins batting - Pitching for Staten Island Yankees : RHP Nate LaCava
|
Batting: SHB Donell Burney
|
0-0: Ball 1-0: Ground out 6-3 (Groundball, 6M, EV 91.3 MPH)
|
Pinch Hitting: RHB Gustavo Pacheco
|
0-0: Swinging Strike 0-1: Foul Ball, location: 2F 0-2: Foul Ball, location: 2F 0-2: Ball 1-2: Ground out 5-3 (Groundball, 56, EV 105.0 MPH)
|
Pinch Hitting: LHB Brian Zick
|
0-0: Ball 1-0: Foul Ball, location: 2F 1-1: Ball 2-1: Ball 3-1: Swinging Strike 3-2: Foul Ball, location: 2F 3-2: Ground out 6-3 (Groundball, 56, EV 86.3 MPH)
|
Top of the 7th over - 0 runs, 0 hits, 0 errors, 0 left on base; Minnesota (NYP) 2 - Staten Island 18 |
BOTTOM OF THE 7TH |
Staten Island Yankees batting - Pitching for Minnesota (NYP) Twins : RHP Chris Starcher
|
Now in LF: Tony Crespo
|
|
Now in CF: Gustavo Pacheco
|
|
Now in RF: Brian Zick
|
|
Batting: RHB Chris Diaz
|
0-0: Ball 1-0: SINGLE (Groundball, 6MD, EV 94.4 MPH)
|
Pinch Hitting: LHB Jordan Lozoya
|
0-0: Called Strike 0-1: Fielders Choice at 2nd, 6-4 (Groundball, 6, EV 87.5 MPH)
|
Pinch Hitting: RHB Tony Saenz
|
0-0: Ball Pickoff Throw to First - Out! 1-3 1-0: Ball 2-0: Swinging Strike 2-1: Called Strike 2-2: Fly out, F8 (Flyball, 8LS, EV 82.5 MPH)
|
Bottom of the 7th over - 0 runs, 1 hit, 0 errors, 0 left on base; Minnesota (NYP) 2 - Staten Island 18 |
TOP OF THE 8TH |
Minnesota (NYP) Twins batting - Pitching for Staten Island Yankees : RHP Nate LaCava
|
Pitching: RHP Neill Bol
|
|
Now at 1B: Andres Valles
|
|
Now in LF: Gotthold Schneider
|
|
Now in CF: Nick Massengale
|
|
Now in RF: Tony Saenz
|
|
Pinch Hitting: RHB Abdul-Qahhar Wasim
|
0-0: Called Strike 0-1: Ball 1-1: Foul Ball, location: 2F 1-2: Foul Ball, location: 2F 1-2: Foul Ball, location: 2F 1-2: Strikes out swinging
|
Batting: RHB Jose Nunez
|
0-0: Called Strike 0-1: Foul Ball, location: 2F 0-2: Strikes out swinging
|
Batting: RHB Michael McDonald
|
0-0: Ball 1-0: Swinging Strike 1-1: Ball 2-1: Ball 3-1: Base on Balls
|
Batting: RHB Sean Gould
|
0-0: SINGLE (Groundball, 25, EV 71.9 MPH) (infield hit) Michael McDonald to second
|
Batting: RHB Graham Calvert
|
0-0: Called Strike 0-1: Ball 1-1: Swinging Strike 1-2: Strikes out looking
|
Top of the 8th over - 0 runs, 1 hit, 0 errors, 2 left on base; Minnesota (NYP) 2 - Staten Island 18 |
BOTTOM OF THE 8TH |
Staten Island Yankees batting - Pitching for Minnesota (NYP) Twins : RHP Chris Starcher
|
Now at 1B: Abdul-Qahhar Wasim
|
|
Pinch Hitting: RHB Bobby Arteaga
|
0-0: Ground out 4-3 (Groundball, 4, EV 101.9 MPH)
|
Batting: LHB Alex Genao
|
0-0: Ball 1-0: Ball 2-0: Swinging Strike 2-1: Called Strike 2-2: Ball 3-2: Base on Balls
|
Batting: RHB Nick Massengale
|
0-0: Fielders Choice at 2nd, 5-4 (Groundball, 56, EV 80.0 MPH)
|
Pitching: RHP Alex Loaiza
|
|
Batting: LHB Sergio Corona
|
0-0: Called Strike 0-1: 2-RUN HOME RUN (Flyball, 89XD, EV 101.3 MPH), Distance : 412 ft
|
Batting: RHB Steve Martin
|
0-0: Ball 1-0: Ball 2-0: Ball 3-0: Base on Balls
|
Pinch Hitting: LHB Ben Roth
|
0-0: Ball Wild Pitch! Steve Martin to second 1-0: Ball Wild Pitch! Steve Martin to third 2-0: Ball 3-0: Base on Balls
|
Batting: RHB Chris Diaz
|
0-0: Ball 1-0: Ball 2-0: Called Strike 2-1: Foul Ball, location: 2F 2-2: Fly out, F7 (Flyball, 78M, EV 76.9 MPH)
|
Bottom of the 8th over - 2 runs, 1 hit, 0 errors, 2 left on base; Minnesota (NYP) 2 - Staten Island 20 |
TOP OF THE 9TH |
Minnesota (NYP) Twins batting - Pitching for Staten Island Yankees : RHP Neill Bol
|
Now at 1B: Ben Roth
|
|
Now at SS: Bobby Arteaga
|
|
Batting: RHB Tony Crespo
|
0-0: Ball 1-0: Foul Ball, location: 2F 1-1: Ball 2-1: Swinging Strike 2-2: Strikes out swinging
|
Batting: SHB Donell Burney
|
0-0: Ball 1-0: Swinging Strike 1-1: Swinging Strike 1-2: Strikes out swinging
|
Batting: RHB Gustavo Pacheco
|
0-0: Foul Ball, location: 2F 0-1: Called Strike 0-2: Ball 1-2: Ball 2-2: Foul Ball, location: 2F 2-2: Strikes out swinging
|
Top of the 9th over - 0 runs, 0 hits, 0 errors, 0 left on base; Minnesota (NYP) 2 - Staten Island 20 |
|